 Dungeon Crawl Stone Soup version 0.21.1-1-g345015fe64 (webtiles) character file.

201 Lennu the Cudgeler (level 5, 42/42 HPs)
             Began as a Demonspawn Berserker on May 25, 2018.
             Was a Priest of Trog.
             Quit the game on level 3 of the Dungeon.
             The game lasted 00:08:51 (3106 turns).

Lennu the Cudgeler (Demonspawn Berserker)           Turns: 3106, Time: 00:08:52

Health: 42/42      AC:  9    Str: 21      XL:     5   Next: 50%
Magic:  5/5        EV: 12    Int:  7 (8)  God:    Trog [***...]
Gold:   132        SH:  0    Dex: 13      Spells: 4/4 levels left

rFire    . . .     SeeInvis .   l - +0 flail
rCold    . . .     Gourm    .   (no shield)
rNeg     . . .     Faith    .   j - +0 ring mail
rPois    .         Spirit   .   (helmet restricted)
rElec    .         Reflect  .   q - +2 cloak
rCorr    .         Harm     .   k - +0 pair of gloves
MR       +....                  (no boots)
Stlth    +.........             (no amulet)
HPRegen  0.14/turn              g - ring of protection from magic
MPRegen  0.09/turn              i - +3 ring of strength

@: no status effects
A: antennae 1, powered by pain 2
a: Berserk, Trog's Hand, Burn Spellbooks, Renounce Religion


You were on level 3 of the Dungeon.
You worshipped Trog.
Trog was most pleased with you.
You were not hungry.

You visited 1 branch of the dungeon, and saw 3 of its levels.
You also visited: Sewer.

You collected 132 gold pieces.

Inventory:

Hand Weapons
 l - a +0 flail (weapon)
Armour
 j - a +0 ring mail (worn)
 k - a +0 pair of gloves (worn)
 q - a +2 cloak (worn)
Jewellery
 g - a ring of protection from magic (left hand)
 i - a +3 ring of strength (right hand)
 r - an uncursed ring of protection from fire
Scrolls
 d - a scroll of teleportation
 f - 2 scrolls of remove curse
 w - 2 scrolls of blinking
Potions
 e - a potion of ambrosia
 s - 2 potions of might
 z - a potion of brilliance
Comestibles
 c - 8 rations
 h - 5 chunks of flesh


   Skills:
 * Level 3.9 Fighting
 * Level 4.4 Maces & Flails
 * Level 2.4 Armour
 * Level 2.3 Dodging
 + Level 0.9 Stealth


You had 4 spell levels left.
You didn't know any spells.

Dungeon Overview and Level Annotations

Branches:
Dungeon (3/15)

Altars:
Okawaru
Wu Jian
Xom
Zin


Innate Abilities, Weirdness & Mutations

You have a pair of small antennae on your head.
You sometimes gain power by taking damage.


Message History

Wield which item (- for none, * to show all)? (? for menu, Esc to quit)
l - a +0 flail (weapon)
Things that are here:
a dagger x2; a short sword Drop what? 18/52 slots (_ for help) (? for menu, Esc to quit)
You drop a +0 mace.
You drop a +0 animal skin.
You drop a +0 helmet.
You now have 132 gold pieces (gained 6).
Quiver which item? (- for none, * to show all) (? for menu, Esc to quit)
Okay, then.
Okay, then.
Quiver which item? (- for none, * to show all) (? for menu, Esc to quit)
Okay, then.
Unknown command.
Are you sure you want to abandon this character and quit the game? (Confirm with "yes".)
Okay, then.
Unknown command.
Unknown command.
Are you sure you want to abandon this character and quit the game? (Confirm with "yes".)

*,** **,* #.### #
*,*###*,*####.# #
*,*#..,,*#....# #
*,*#.#*,*#.#### #
***##.#***#.# #
*,,,..#####.# #
*,###..(.##.###########
*,#...##.##............
*##.#...@#)##.##.......##
#......_..[.).#..#####**#
#.##.#....#.#...#* #
#.*#,##...#.#.### ##
###.**,...###.#.# ##.
#...**###..,..#.# #..
#...##*##.#*##### #..
#(...#,#..#*#..# #..
***####....#,....##..#
#..


There were no monsters in sight!

Vanquished Creatures
  A scorpion (D:3)
  An orc wizard (D:3)
  2 adders
  2 river rats (Sewer)
  An ooze (D:1)
  3 worms (D:2)
  A leopard gecko (D:2)
  7 orcs (D:3)
  3 ball pythons
  4 giant cockroaches
  4 goblins
  5 hobgoblins
  2 jackals (D:1)
  A quokka (D:2)
  7 bats
  10 frilled lizards
  7 kobolds
  15 rats
76 creatures vanquished.

Notes
Turn   | Place    | Note
-------+----------+-------------------------------------------
     0 | D:1      | Lennu the Demonspawn Berserker began the quest for the Orb.
     0 | D:1      | Reached XP level 1. HP: 18/18 MP: 1/1
   292 | D:1      | Reached skill level 3 in Maces & Flails
   292 | D:1      | Gained mutation: You sometimes gain a little power by taking damage. [demonic ancestry]
   292 | D:1      | Reached XP level 2. HP: 23/24 MP: 2/2
  1315 | D:2      | Gained mutation: You sometimes gain power by taking damage. [demonic ancestry]
  1315 | D:2      | Reached XP level 3. HP: 28/29 MP: 3/3
  1396 | D:2      | Reached ** piety under Trog
  2006 | D:2      | Found a bloodstained altar of Trog.
  2008 | D:2      | Found an ornate altar of the Wu Jian Council.
  2008 | D:2      | Found a shadowy altar of Dithmenos.
  2010 | D:2      | Found a hazy altar of Hepliaklqana.
  2010 | D:2      | Found a glowing silver altar of Zin.
  2010 | D:2      | Found a shimmering altar of Xom.
  2149 | D:3      | Found a glowing drain.
  2180 | Sewer    | Entered a sewer
  2188 | Sewer    | Gained mutation: You have a pair of small antennae on your head. [demonic ancestry]
  2188 | Sewer    | Reached XP level 4. HP: 30/36 MP: 4/4
  2378 | Sewer    | Reached *** piety under Trog
  2735 | D:3      | Reached skill level 4 in Maces & Flails
  2735 | D:3      | Reached XP level 5. HP: 28/42 MP: 5/5
  2958 | D:3      | Found an iron altar of Okawaru.
  3106 | D:3      | Quit the game

Skill      XL: |  1  2  3  4 |
---------------+-------------+-----
Maces & Flails | 3 4 |  4.4
Armour         | 2 |  2.4
Dodging        | 2 |  2.3
Fighting       | |  3.9
Stealth        | |  0.9

Action                   |  1- 3 |  4- 6 || total
-------------------------+-------+-------++-------
Melee: Mace              |   142 |   100 ||   242
Invok: Berserk           |       |     2 ||     2
       Trog's Hand       |       |     2 ||     2
  Use: Scroll            |     5 |     7 ||    12
       Potion            |       |     7 ||     7
 Stab: Sleeping          |     2 |     1 ||     3
  Eat: Chunk             |     4 |     3 ||     7
       Ration            |       |     1 ||     1
Armor: Animal skin       |    43 |    28 ||    71
Dodge: Dodged            |   123 |    61 ||   184
